 Dungeon Crawl Stone Soup version 0.18.1-50-g88ac8fd (webtiles) character file.

43 Jawreze the Slasher (level 3, 0/30 HPs)
             Began as a Hill Orc Gladiator on Oct 8, 2016.
             Slain by a goblin (2 damage)
             ... on level 2 of the Dungeon.
             The game lasted 00:06:37 (871 turns).

Jawreze the Slasher (Hill Orc Gladiator)             Turns: 871, Time: 00:06:38

Health: 0/30       AC:  4    Str: 18    XL:     3   Next: 58%
Magic:  3/3        EV: 12    Int:  8    God:
Gold:   31         SH:  0    Dex: 11    Spells: 0 memorised, 2 levels left

rFire  . . .     SeeInvis .     n - +0 halberd (curse)
rCold  . . .     Gourm    .     b - +0 leather armour
rNeg   . . .     Faith    .     (shield currently unavailable)
rPois  .         Spirit   .     c - +0 helmet
rElec  .         Dismiss  .     (no cloak)
rCorr  .         Reflect  .     (no gloves)
SustAt .         Harm     .     (no boots)
MR     .....                    (no amulet)
Stlth  +.........               (no ring)
                                (no ring)

@: not resistant to hostile enchantments, very unstealthy
A: no striking features
a: no special abilities


You were on level 2 of the Dungeon.
You were not hungry.

You visited 1 branch of the dungeon, and saw 2 of its levels.

You collected 31 gold pieces.

Inventory:

Hand Weapons
 a - a +0 long sword
 h - a +0 club
 i - a +0 club
 l - a +0 short sword
 n - a cursed +0 halberd (weapon)
Missiles
 d - a throwing net (quivered)
 e - 26 stones
Armour
 b - a +0 leather armour (worn)
 c - a +0 helmet (worn)
 g - a +0 leather armour
 m - a +0 leather armour
Scrolls
 j - a scroll of remove curse {unknown}
Potions
 k - a potion of degeneration {unknown}
Comestibles
 f - a bread ration


   Skills:
 + Level 2.8 Fighting
 + Level 3.8 Long Blades
 + Level 0.2 Polearms
 + Level 1.9 Throwing
 + Level 1.0 Armour
 + Level 2.9 Dodging


You had 2 spell levels left.
You didn't know any spells.

Dungeon Overview and Level Annotations

Branches:
Dungeon (2/15)

Altars:


Message History

The kobold closely misses you. The goblin closely misses you.
The rat barely misses you. The goblin hits you. The quokka barely misses you.
The goblin closely misses you. The goblin completely misses you.
The kobold hits you but does no damage.
The goblin hits you. x2; The goblin hits you but does no damage.
You barely miss the goblin. The quokka barely misses you. The rat misses you.
The goblin hits you. The goblin misses you. The goblin hits you with a dagger.
* * * LOW HITPOINT WARNING * * *
The quokka misses you. The rat barely misses you. The goblin hits you.
* * * LOW HITPOINT WARNING * * *
You barely miss the goblin. The goblin completely misses you.
The goblin hits you but does no damage. The quokka misses you.
The rat barely misses you. The goblin barely misses you.
The goblin hits you but does no damage. The goblin closely misses you.
The quokka bites you.
* * * LOW HITPOINT WARNING * * *
You slash the rat!
You kill the rat!
The goblin hits you.
You die...

...?.# #.....#
##########.....#
)..)...........#
...............#
...............#
.......rg...>..###
#.....K.@!.......###
####...gg..........#####
#......)#.#.#.......#
#.......#.#####.###.#
#.......#.. ...# #.#
..$......#.####### #.#
...$......... #.#
.....###.##.# #.# .....
#..#.# #.#


You could see a quokka, 3 goblins and a kobold.

Vanquished Creatures
  A gnoll (D:1)
  An ooze (D:1)
  A dart slug (D:1)
  A giant cockroach (D:2)
  3 goblins (D:1)
  7 hobgoblins
  2 ball pythons (D:1)
  2 bats (D:1)
  3 giant newts (D:1)
  3 kobolds
  5 rats
29 creatures vanquished.

Vanquished Creatures (others)
  A hobgoblin (D:1)
  A giant newt (D:1)
2 creatures vanquished.

Grand Total: 31 creatures vanquished

Notes
Turn   | Place    | Note
--------------------------------------------------------------
     0 | D:1      | Jawreze the Hill Orc Gladiator began the quest for the Orb.
     0 | D:1      | Reached XP level 1. HP: 18/18 MP: 1/1
    77 | D:1      | Reached XP level 2. HP: 25/25 MP: 2/2
   667 | D:1      | Reached XP level 3. HP: 15/30 MP: 3/3
   845 | D:2      | Reached skill level 1 in Armour
   871 | D:2      | Slain by a goblin

Skill      XL: |  1  2  3 |
---------------+----------+-----
Armour         | 1 |  1.0
Fighting       | |  2.8
Long Blades    | |  3.8
Polearms       | |  0.2
Throwing       | |  1.9
Dodging        | |  2.9

Action                   || total
-------------------------++-------
Melee: Long sword        ||    51
       Halberd           ||    32
Throw: Throwing net      ||     3
Armor: Leather armour    ||    36
Dodge: Dodged            ||   102
